[Event "Israel National League 2024"]
[Site "Israel"]
[Date "2024.03.08"]
[Round "11.28"]
[White "Ben-Menachem, Itzhak"]
[Black "Erenberg, Ariel"]
[Result "0-1"]
[ECO "E04"]
[WhiteElo "2266"]
[BlackElo "2496"]
[Annotator "TA"]
[PlyCount "89"]
[EventDate "2024.01.07"]
[EventType "team-tourn"]
[EventCountry "ISR"]
[SourceTitle "playchess.com"]
[Source "ChessBase"]
[SourceQuality "1"]
[TimeControl "40/5400+30:1800+30"]

1. d4 Nf6 2. c4 e6 3. g3 d5 4. Bg2 Bb4+ 5. Nd2 O-O 6. Ngf3 dxc4 7. Qc2 a5 {[%emt 0:03:35] E04: Open Catalan: 5 Nf3.} 8. a3 Bxd2+ 9. Bxd2 b5 10. a4 c6 11. e4 h6 12. g4 Nh7 (12... Nxg4 13. e5 $16) 13. Rg1 $146 (13. h4 $11 {keeps the balance.}) ({Predecessor:} 13. O-O Nd7 14. Be3 b4 15. h4 Qe7 16. g5 hxg5 17. hxg5 Ba6 18. Rfe1 c5 19. d5 {½-½ Targonski,S (2141)-Cvak,R (2379) W-ch WS/M/885 email 2023}) 13... Bb7 14. h4 Nd7 (14... Na6 $1 $17 15. axb5 cxb5 16. Rxa5 c3 17. Bxc3 (17. Rxb5 $2 cxd2+ 18. Kxd2 Qd7 $19) 17... b4) 15. g5 h5 16. g6 fxg6 17. e5 Rf5 (17... c5 {is interesting.} 18. Qxg6 Rf7 19. Qxh5 Qb6) 18. Ng5 Nxg5 19. Bxg5 Qb6 20. Be3 $1 c5 21. O-O-O (21. dxc5 $15 {is superior.} Qc7 22. axb5 Nxc5 23. Bxb7 (23. Qxc4 Rxe5 24. Ke2 Rf8 $17) 23... Nd3+ 24. Qxd3 cxd3 25. Bxa8 Qxe5 (25... Qc2 26. Kf1 $11) 26. O-O-O (26. Rxg6 $2 Qxb2 27. Kf1 Qxa1+ $19) (26. Rxa5 Kh7 $19) 26... Qc7+ (26... Qxb5 27. Kb1 $11) 27. Kb1 (27. Bc6 $2 Rxb5 28. Rxd3 Qxc6+ $19) 27... Qc2+ (27... Rxb5 28. Rd2 $11) 28. Ka1) 21... Bxg2 $17 22. Rxg2 Nf8 ({Black should try} 22... bxa4 $17 {[%cal Oa4a3] aiming for ...a3!} 23. Rxg6 Rf7) 23. dxc5 Qb7 24. f4 bxa4 25. Rd6 (25. Rf2 $15) 25... Rc8 $17 26. Rg1 Qf3 27. Qc3 Rxf4 (27... g5 $19 28. fxg5 a3 29. Qxa3 Rb8 (29... Rxe5 30. Bd4 $11)) 28. Bxf4 $17 Qxf4+ (28... Qxc3+ $2 29. bxc3 Rxc5 30. Kb2 $18) 29. Qd2 (29. Kb1 $17 {was necessary.}) 29... Qxe5 (29... Qxd2+ 30. Kxd2 Rxc5 31. Re1 $11) (29... Qxh4 $19 {and Black stays clearly on top. ...a3 would now be deadly.} 30. c6 a3 31. bxa3 Qh3) 30. Rg5 $17 Qf6 31. Qd4 Qf1+ $1 32. Kc2 Qe2+ (32... a3 33. bxa3 Qe2+ 34. Kc1 $17) 33. Kc1 Rc7 34. Rd8 $2 (34. Qe5 $17 Qf3 35. Rg3 (35. Rd8 $2 a3 $19) 35... Qh1+ 36. Rd1) 34... Rf7 $1 $19 35. Rg1 a3 36. bxa3 Rf2 37. Qc3 Rf3 38. Qd2 {[%emt 0:00:32] [#]} Qe5 $1 39. Qd4 Rc3+ 40. Kb2 Rb3+ 41. Ka1 Rxa3+ 42. Kb2 Rb3+ 43. Ka1 {[%emt 0:00:07] [#]} Qf5 $1 ({Wrong is} 43... Qxd4+ $2 44. Rxd4 c3 45. c6 $18) 44. Qxc4 Rb4 45. Qc1 0-1

[Event "Israel National League 2024"]
[Site "Israel"]
[Date "2024.03.08"]
[Round "11.29"]
[White "Rozentalis, Eduardas"]
[Black "Lavi, Idan"]
[Result "1-0"]
[ECO "C68"]
[WhiteElo "2455"]
[BlackElo "2118"]
[Annotator "TA"]
[PlyCount "86"]
[EventDate "2024.01.07"]
[EventType "team-tourn"]
[EventCountry "ISR"]
[SourceTitle "playchess.com"]
[Source "ChessBase"]
[SourceQuality "1"]
[TimeControl "40/5400+30:1800+30"]

1. e4 e5 2. Nf3 Nc6 3. Bb5 a6 4. Bxc6 dxc6 5. d3 Bd6 6. Be3 Ne7 7. Nbd2 Ng6 8. h3 O-O {[%emt 0:06:41] The position is equal.} 9. g4 ({White should try} 9. O-O $11) 9... Re8 10. Qe2 c5 11. O-O-O Nf4 12. Bxf4 exf4 13. g5 (13. e5 $1 $11) 13... Be6 14. Kb1 Qd7 15. h4 Rad8 16. h5 Bg4 (16... b5 $1 $11) 17. Rdg1 $14 Be7 (17... Qe6 $14) 18. Rh4 $16 Bxf3 19. Qxf3 (19. Nxf3 $16 c4 20. d4 (20. Rxf4 cxd3 21. cxd3 Qxd3+ 22. Qxd3 Rxd3 $11) (20. dxc4 Bd6 $16)) 19... h6 $14 20. Rxf4 ({White should play} 20. gxh6 $1 $14 Bxh4 21. Qxf4) 20... Bxg5 $11 21. Rfg4 $1 {[%emt 0:00:08][%cal Of3g2] And now Qg2! would win.} f5 22. Rxg5 (22. exf5 Bxd2 23. Rxg7+ Qxg7 24. Rxg7+ Kxg7 $17) 22... hxg5 23. Rxg5 Qe7 24. Rxf5 Rf8 25. a3 Rxf5 26. Qxf5 {[%emt 0:00:14][%mdl 4096] Endgame. KQR-KQN} b6 (26... Rf8 $11 {remains equal.} 27. Qd5+ Kh7 28. Qxb7 Qg5 (28... Rxf2 29. Nc4 $17)) 27. f4 $16 Rf8 28. Qg4 b5 (28... Rf6 $16 {was necessary.}) 29. Nf3 Qf6 30. f5 c4 (30... a5 {was called for.} 31. Ng5 b4 32. axb4 cxb4) 31. d4 $18 a5 32. Ng5 b4 {[%emt 0:01:19] [#] ...bxa3 is the strong threat.} 33. Ne6 Rf7 34. Qg3 (34. a4 $18 {is more deadly.}) 34... Rd7 (34... Qh6 $16) 35. Qe1 $2 (35. Nxc7 $2 Qxd4 36. axb4 axb4 $19 (36... Qxe4 37. Ne6 $17)) (35. Ka2 $18) 35... c3 $2 36. bxc3 bxa3 37. Ka2 {[%emt 0:01:23][%cal Oe1g3] Black must now prevent Qg3!} c6 $2 (37... Re7 38. Qe3 (38. Kxa3 Qh6 $11) 38... Re8) 38. Qb1 {[%emt 0:00:51] [#] Strongly threatening Qb8+.} Kh7 39. Qb8 Rf7 {[%emt 0:00:14] Prevents Nf8+} 40. Qc8 $2 (40. Qe8) 40... Qe7 $2 (40... Qh6) 41. Qxc6 {[%emt 0:30:22][%cal Oe6g5] Ng5+! would kill now. White is clearly winning.} Rf6 42. Qc8 Qd6 43. Qb7 (43. h6 $142 Rxe6 44. fxe6 (44. hxg7 Kxg7 45. Qxe6 Qf8 $18) 44... Kxh6 45. Qh8+ Kg6 46. Qe8+ Kg5 47. e7) 43... a4 {[%emt 0:01:32] Weighted Error Value: White=0.55/Black=0.55.  Loses game:     	---       	Black=1      Missed win:     	White=1     	---        Mistake:       	White=6     	Black=8      Inaccurate:     	---       	Black=3      OK:         	White=14    	Black=9      Best:        	White=3     	Black=1      Strong:       	White=1     	---} 1-0

[Event "Israel National League 2024"]
[Site "Israel"]
[Date "2024.03.08"]
[Round "11.30"]
[White "Erenberg, Shlomy"]
[Black "Livshits, Gaby"]
[Result "1/2-1/2"]
[ECO "A24"]
[WhiteElo "2103"]
[BlackElo "2450"]
[Annotator "TA"]
[PlyCount "148"]
[EventDate "2024.01.07"]
[EventType "team-tourn"]
[EventCountry "ISR"]
[SourceTitle "playchess.com"]
[Source "ChessBase"]
[SourceQuality "1"]
[TimeControl "40/5400+30:1800+30"]

1. Nf3 Nf6 2. g3 g6 3. Bg2 Bg7 4. O-O d6 5. c4 O-O 6. Nc3 e5 7. d3 a5 8. Rb1 {[%emt 0:02:09] A24: Englische Eröffnung.} Bd7 9. b3 Qc8 10. Re1 $146 ({Predecessor:} 10. e4 Nc6 11. Nd5 Nxd5 12. cxd5 Nb4 13. a3 Na6 14. Be3 f5 15. exf5 gxf5 16. Ng5 {½-½ Demeter,P (2238)-Mrva,M (2494) SVK-ch Trencianske Teplice 2005 (4)}) 10... Bh3 11. Bh1 Na6 12. a3 Nc5 13. b4 axb4 14. axb4 Ne6 15. Ng5 Nxg5 16. Bxg5 h6 17. Bd2 Kh7 18. Ra1 (18. Qb3 {ist interessant.} Ng4 19. Bf3 f5 20. c5) 18... Rxa1 19. Qxa1 c6 20. Qa7 Ng4 (20... Be6 $11 {hält das Gleichgewicht.}) 21. b5 $16 f5 (21... Nf6 $142) 22. bxc6 bxc6 23. Rb1 Qa8 24. Qxa8 Rxa8 25. Bxc6 Ra6 26. Bb7 Ra3 27. f3 (27. Be1 $18 {ist viel giftiger.}) 27... e4 $16 28. fxg4 Bd4+ 29. Kh1 Bxc3 30. Bxc3 Rxc3 31. gxf5 gxf5 (31... exd3 $14 32. fxg6+ Kxg6 33. exd3 Kf6) 32. dxe4 $16 Rxc4 33. exf5 Bxf5 34. Rd1 Be4+ 35. Bxe4+ Rxe4 36. Rd2 ({Keinesfalls} 36. Rxd6 $6 Rxe2 37. Rd4 Kg6 $14) 36... Kg7 37. Kg2 ({Bloß nicht} 37. Rxd6 $6 Rxe2 38. Rd5 Kf7 $14) 37... d5 38. Kf3 ({Natürlich nicht} 38. Rxd5 $6 Rxe2+ 39. Kg1 Ra2 $11) 38... Re5 39. e3 Rf5+ 40. Ke2 Kf6 41. Rd4 Ke5 42. Rh4 h5 43. Rf4 Rg5 44. Kf3 Rg8 45. Rf7 Ke6 46. Rh7 $1 Rg5 47. Rh8 Rf5+ 48. Ke2 Rg5 49. Rf8 (49. Kf2 $16) 49... Ke7 {[%emt 0:00:00] [#]} (49... h4 $1 $14) 50. Rf4 $1 $16 Ke6 51. Kf3 Rg8 52. h3 Ke5 53. Rf7 Ke6 54. Rh7 Rf8+ 55. Kg2 Rf5 {[%emt 0:00:00] [#]} 56. Rh8 (56. Rh6+ $1 $16 Kd7 57. g4 hxg4 58. hxg4) 56... Rg5 (56... Kf7 $1 $14) 57. Re8+ (57. Rh6+ $16 Kf7 58. Rh7+ Kf6 59. Rh8) 57... Kf7 $14 58. Rh8 (58. Ra8 $14) 58... Ke6 $16 59. Rf8 Ke7 60. Rf4 Ke6 61. Kf3 Rg8 62. g4 (62. Rh4 $16 Ra8 63. Rxh5) 62... hxg4+ 63. hxg4 Rh8 64. Rf5 Rh1 65. Kg2 Rd1 66. Rf4 Re1 67. Rf3 Ke5 68. Kf2 Ra1 69. Rf8 Ra2+ 70. Kf3 Ra1 71. Rf5+ Ke6 72. Rf4 Rg1 73. Kf2 Rh1 74. Rf3 Ke5 1/2-1/2

[Event "Israel National League 2024"]
[Site "Israel"]
[Date "2024.03.08"]
[Round "11.31"]
[White "Parkhov, Yair"]
[Black "Moiseenko, Alexander"]
[Result "0-1"]
[ECO "B30"]
[WhiteElo "2495"]
[BlackElo "2570"]
[Annotator "TA"]
[PlyCount "94"]
[EventDate "2024.01.07"]
[EventType "team-tourn"]
[EventCountry "ISR"]
[SourceTitle "playchess.com"]
[Source "ChessBase"]
[SourceQuality "1"]
[TimeControl "40/5400+30:1800+30"]

1. e4 c5 2. Nf3 Nc6 3. Bb5 e6 4. Bxc6 bxc6 5. b3 Ne7 6. Bb2 Ng6 7. h4 $1 h5 8. d3 {[%emt 0:13:07] White is slightly better.} f6 (8... d5 $11) 9. e5 $1 $14 Nxe5 10. Nxe5 fxe5 11. Nd2 d6 12. Qf3 {[%emt 0:06:04][%mdl 1024] White has compensation.} Bd7 13. O-O-O Qf6 14. Qe2 Be7 15. Kb1 O-O 16. Ne4 Qg6 17. Rdg1 c4 18. g4 (18. dxc4 $16 Rf4 19. f3) 18... cxd3 19. cxd3 Be8 20. Rh2 Rf4 21. f3 (21. Rhg2 Rxg4 22. Rxg4 hxg4 $11) 21... hxg4 22. fxg4 c5 23. h5 Qf7 24. h6 (24. Bc1 $11) 24... g5 (24... g6 $5) 25. h7+ (25. Bc1 $11) 25... Kh8 $15 26. Rh6 Bc6 ({Better is} 26... Bb5 $17 {aiming for ...Rf8.} 27. Bc1 Rf3) 27. Nxc5 $2 {[%emt 0:05:43][%mdl 8192] White is now going downhill.} Rf2 $19 28. Qe3 Bf8 29. Rh5 Rxb2+ (29... dxc5 30. Bxe5+ (30. Qxg5 $2 Rxb2+ 31. Kc1 Rxa2 $19) 30... Bg7 31. Bxg7+ (31. Qxg5 $2 Rf1+ 32. Rxf1 Qxf1+ 33. Kb2 Qe2+ 34. Ka3 Qxe5 $19) 31... Kxg7 32. h8=B+ (32. Qxc5 $2 Qf6 $19) 32... Rxh8 33. Qxg5+ (33. Rxg5+ Kf8 $18) 33... Qg6 34. Qxg6+ (34. Qxc5 $2 Qxd3+ 35. Ka1 Rf1+ 36. Kb2 Qb1+ 37. Ka3 Rxh5 $19) 34... Kxg6 35. Rxh8 $18) 30. Kxb2 dxc5 31. Rxg5 (31. Qxe5+ $2 Bg7 $19) 31... Bg7 {[%emt 0:00:07] A strong pair of Bishops.} 32. Qxc5 Rc8 {[%emt 0:00:58] Hoping for ...e4+.} 33. Rc1 $2 (33. Rxg7 {is a better defense.} Qxg7 34. Rc1 e4+ (34... Qxh7 35. d4 $17) (34... Qxg4 35. Qxa7 Ra8 36. Qf2 $17) (34... Kxh7 $2 35. Kb1 $19) 35. d4) 33... Bb7 (33... Kxh7 34. Qd6 Bb7 35. Rxc8 Bxc8 36. Qd8 $17) 34. Qd6 (34. Rxg7 $142 Qxg7 35. Qxa7 e4+ (35... Qxh7 36. Rxc8+ Bxc8 37. Qb8 $11) 36. d4 Rxc1 (36... Kxh7 37. Rxc8 Bxc8 38. Qc5 $19) 37. Kxc1) 34... e4+ ({Not} 34... Kxh7 35. Rxc8 Bxc8 36. Qd8 $17) 35. d4 {[%emt 0:00:26] [#] Strongly threatening Rxc8+.} Qf2+ (35... Kxh7 $2 {loses.} 36. Rh1+ Bh6 (36... Kg8 $2 37. Qh2 $18) 37. Rgh5 Qf2+ 38. Ka3 $18) 36. Ka3 Rxc1 37. Rxg7 Kxg7 38. Qe7+ Kh8 {[%emt 0:00:09][%cal Oc1c2] [#] ( -> ...Rc2!)} 39. Qxb7 Qf8+ 40. Kb2 Rh1 {[%emt 0:01:10] Threatens to win with ...Rh2+.} 41. Qxe4 Rh2+ {[%emt 0:30:14] Black mates.} 42. Kc3 Qc8+ 43. Kb4 Qb8+ 44. Kc3 a5 45. d5 Qc7+ 46. Qc4 Qe5+ 47. Kd3 Qxd5+ {[%emt 0:00:00] Weighted Error Value: White=0.99/Black=0.29 (precise) .  Loses game:     	White=1     	---        Mistake:       	White=5     	Black=3      Inaccurate:     	White=3     	Black=3      OK:         	White=7     	Black=13     Best:        	White=1     	Black=3      Strong:       	White=2     	---} 0-1

[Event "Israel National League 2024"]
[Site "Israel"]
[Date "2024.03.08"]
[Round "11.32"]
[White "Sutovsky, Emil"]
[Black "Gorodetzky, Matan"]
[Result "1-0"]
[ECO "C60"]
[WhiteElo "2597"]
[BlackElo "2325"]
[Annotator "TA"]
[PlyCount "101"]
[EventDate "2024.01.07"]
[EventType "team-tourn"]
[EventCountry "ISR"]
[SourceTitle "playchess.com"]
[Source "ChessBase"]
[SourceQuality "1"]
[TimeControl "40/5400+30:1800+30"]

1. e4 e5 2. Nf3 Nc6 3. Bb5 Nge7 4. Nc3 Ng6 5. h4 Be7 6. Nd5 Bxh4 7. Nxh4 Nxh4 8. d4 Nxg2+ 9. Kf1 Nxd4 10. Qg4 Ne6 11. Qxg2 c6 12. Bd3 d6 13. Ne3 g6 14. b3 Nf4 15. Qf3 Be6 16. Bc4 h5 17. Ba3 Qe7 18. Ng2 Bxc4+ 19. bxc4 Ne6 20. Qg3 Rd8 21. Rd1 b6 22. Rd3 c5 (22... Rh7 $14) 23. Bc1 $16 Qb7 24. Bg5 Rd7 (24... Nxg5 $16 {is a better defense.} 25. Qxg5 Qxe4) 25. Ne3 $18 b5 26. Nd5 bxc4 27. Nf6+ Kd8 28. Nxd7+ (28. Rd5 $142 Kc8 29. Nxd7) 28... Kxd7 $18 29. Re3 $2 (29. Rd5 $18 f6 30. Bxf6) 29... Qb1+ $14 30. Kg2 Qxc2 31. Rhe1 h4 32. Bxh4 $2 (32. Qh3 $11 {and White has nothing to worry.} Qd2 33. Bf6 (33. Bxh4 $2 c3 $19)) 32... g5 $1 $19 (32... Nf4+ 33. Kg1 Rh5 34. Bf6 $16) 33. Ra3 $2 (33. Bxg5 Rg8 34. Rc3) 33... Nf4+ $19 (33... gxh4 34. Rxa7+ Kc6 35. Ra6+ Kd7 36. Ra7+ Kc6 37. Ra6+ Kc7 38. Ra7+ Kc6 $11) 34. Kg1 Rxh4 (34... gxh4 35. Rxa7+ Kc6 36. Qa3 $18) 35. Qxg5 Nh3+ $4 (35... Ne2+ $19 {and all is fine.} 36. Kf1 Rh1+ (36... Rxe4 $2 {perishes.} 37. Qf5+ Kc6 38. Qxf7 $18) 37. Kg2 Qxe4+ (37... Rxe1 38. Qf5+ Kd8 39. Qg5+ Kd7 40. Qf5+ Kd8 41. Qg5+ Kd7 $11) 38. f3 Nf4+ (38... Rxe1 $2 39. Rxa7+ Kc6 40. fxe4 $19) 39. Qxf4 Qxf4 40. Rxh1 Qd2+ 41. Kh3 c3 42. Rxa7+ Ke6) 36. Rxh3 $1 $18 Rf4 {[%emt 0:00:37] [#]} (36... Rxh3 $142 37. Qf5+ Kc7) 37. Rf3 (37. f3 $142 $3 Qd2 (37... Qd3 38. Rh8) 38. Rf1 Qd4+ 39. Kg2 Qb2+ 40. Rf2) 37... Rxf3 $18 38. Qg4+ f5 39. Qxf3 f4 40. Qa3 Qd2 41. Rc1 (41. Rb1 $142 Ke7 42. Qh3 (42. Qxa7+ Ke6 $18) 42... Qb4 43. Qh7+ (43. Rxb4 cxb4 44. Qh7+ Ke8 $18) 43... Kd8 44. Rxb4 cxb4 45. Qxa7 b3 46. a4) 41... Qe2 42. Qa4+ (42. Qh3+ $142 Kd8 43. Qh8+ Kd7 44. Qh7+ Kd8 45. Rb1 (45. Qxa7 Qg4+ 46. Kf1 Qh3+ 47. Ke1 c3 $18) 45... Qg4+ 46. Kf1) 42... Ke7 43. Qxc4 ({Weaker is} 43. Rxc4 Qg4+ 44. Kf1 f3 $16) 43... Qg4+ 44. Kf1 f3 45. Rd1 Qg2+ 46. Ke1 Qg1+ 47. Qf1 Qg8 48. Qd3 Qg1+ {[%emt 0:00:00] [#]} 49. Kd2 $1 Qxf2+ 50. Kc3 Ke8 51. Qxd6 1-0

[Event "Israel National League 2024"]
[Site "Israel"]
[Date "2024.03.08"]
[Round "11.33"]
[White "Gladyszev, Oleg"]
[Black "Smirin, Ilia"]
[Result "0-1"]
[ECO "E73"]
[WhiteElo "2410"]
[BlackElo "2582"]
[Annotator "TA"]
[PlyCount "177"]
[EventDate "2024.01.07"]
[EventType "team-tourn"]
[EventCountry "ISR"]
[SourceTitle "playchess.com"]
[Source "ChessBase"]
[SourceQuality "1"]
[TimeControl "40/5400+30:1800+30"]

1. d4 Nf6 2. c4 g6 3. Nc3 Bg7 4. e4 d6 5. Be2 O-O 6. h4 h5 7. Nh3 {[%emt 0:10:16] E73: Königsindisch (Awerbach-Angriff).} Nc6 8. d5 Ne5 9. f3 c6 10. Nf2 $146 ({Predecessor:} 10. Be3 a6 11. Nf4 b5 12. cxb5 axb5 13. dxc6 b4 14. Ncd5 Nxc6 15. Bb6 Qd7 16. Bb5 {1-0 Ruckschloss,K (2290)-Csala,J (2143) Tatry op Tatranske Zruby 2011 (1)}) 10... a6 11. Bf4 cxd5 12. cxd5 Bd7 13. Qd2 Rc8 14. O-O Kh7 15. Rfc1 Nc4 16. Bxc4 Rxc4 17. Ncd1 Rc8 18. Ne3 b5 19. Rxc8 Qxc8 20. Nd3 Qb7 21. Rc1 Qb6 22. Kf1 a5 23. Nc2 b4 24. Be3 Qa6 25. Nd4 e6 26. dxe6 fxe6 27. Kg1 e5 28. Nc2 Be6 29. b3 Rc8 30. Nce1 Rxc1 31. Qxc1 d5 32. Nc5 Qc6 33. Nxe6 Qxe6 34. exd5 Nxd5 35. Qc4 Qd7 36. Qd3 Qc6 37. Qe4 Qc3 38. Bf2 Nf6 39. Qc2 Qa1 40. Kh2 e4 41. fxe4 Ng4+ 42. Kg1 Bc3 43. Bg3 $1 Be5 44. Bf2 Bc3 45. Bg3 $1 Bd4+ (45... Bxe1 $5 46. Qc7+ $8 Kh8 47. Qd8+ Kh7 48. Qc7+ Kg8 49. Qd8+ Kg7 50. Qe7+ Kg8 51. Qe6+ Kh8 52. Qe8+ Kg7 53. Qe7+ Kg8 54. Qe8+ Kg7 55. Qe7+ $11) 46. Kh1 Be5 47. Qd3 $2 (47. Bf2 $1 $11) 47... Qc1 $2 ({Besser ist} 47... Qxa2 $19 {Und ...Qa1 würde nun gewinnen.} 48. Qd5 Qe2 (48... Bxg3 49. Qf7+ Kh6 50. Qf8+ Kh7 51. Qf7+ Kh8 52. Qe8+ Kh7 53. Qf7+ $11) 49. Qd7+ Bg7 (49... Kh6 50. Qf7 $17)) 48. Qf3 Kg8 (48... Nf6 $5 49. Bf2 $8 Ng4 50. Qf7+ Bg7 $17) 49. Qd3 Bxg3 50. Qxg3 Kf7 51. Qf3+ Ke6 52. Qe2 Ke5 53. g3 Qd1 54. Qxd1 Nf2+ 55. Kg2 Nxd1 56. Kf3 Nc3 57. Ke3 Nxe4 58. Nf3+ (58. Nd3+ $1 $11 {war der einzige Weg, das Gleichgewicht zu halten.} Kf5 59. Kf3) 58... Kd5 $17 59. Kf4 Nc3 60. Nd2 $2 (60. Kg5 $2 Nxa2 (60... Ke4 61. Nd2+ Kd4 62. Kxg6 $11) 61. Kxg6 Nc1 $19) (60. g4 $17) 60... Kd4 $2 (60... Nxa2 $19 {Und jetzt ...Kd4 wäre schön.} 61. Nc4 a4 62. Ne3+ Kc5 63. bxa4 Nc3 (63... b3 64. Nd1 $17)) 61. Nf3+ $1 $11 Kd5 $2 (61... Kc5 $11 62. Kg5 Nxa2 63. Kxg6 Nc1 64. Kxh5 (64. Nd2 Kd4 $11) 64... Nxb3) 62. Nd2 $1 $19 ({Nicht} 62. Kg5 $2 Nxa2 (62... Ke4 63. Nd2+ Kd4 64. Kxg6 $11) 63. Kxg6 Nc1 64. Kxh5 (64. Nd2 $2 Nxb3 65. Nxb3 a4 $19) 64... Nxb3 $19) 62... Nxa2 63. Nc4 a4 $1 64. Nb6+ Kd4 65. Nxa4 Nc1 66. g4 Nxb3 67. gxh5 gxh5 68. Kg5 Nc5 $1 69. Nb2 Kc3 70. Nd1+ Kc2 71. Ne3+ Kd3 72. Nd1 b3 73. Kxh5 Kc2 74. Ne3+ Kc1 $1 75. Nc4 {[%emt 0:00:06] [#]} Ne4 $1 76. Kg4 {[%emt 0:02:47] [#]} Nd6 $1 77. Nxd6 b2 78. h5 b1=Q (78... b1=B $2 {ist das falsche Schlagen.} 79. Nf5 $18) 79. Nf5 Qb6 80. Kg5 Qd8+ 81. Kg6 Qe8+ 82. Kg5 Kd2 83. h6 Qf7 84. Ng7 Kd3 85. Nh5 Kd4 86. Nf6 Ke5 87. Ng4+ Ke6 88. Ne3 Qf6+ 89. Kh5 0-1

[Event "Israel National League 2024"]
[Site "Israel"]
[Date "2024.03.08"]
[Round "11.34"]
[White "Alekseev, Evgeny"]
[Black "Stolyarsky, Yegor"]
[Result "1-0"]
[ECO "C54"]
[WhiteElo "2563"]
[BlackElo "2111"]
[Annotator "TA"]
[PlyCount "149"]
[EventDate "2024.01.07"]
[EventType "team-tourn"]
[EventCountry "ISR"]
[SourceTitle "playchess.com"]
[Source "ChessBase"]
[SourceQuality "1"]
[TimeControl "40/5400+30:1800+30"]

1. e4 e5 2. Nf3 Nc6 3. Bc4 Bc5 4. O-O Nf6 5. d3 d6 6. c3 Bb6 7. Bb3 Ne7 {[%emt 0:00:22] C54: Italienische Partie (Hauptvariante).} 8. Re1 O-O 9. Nbd2 c6 {[%emt 0:00:08] wohl besser als 9...Ng6.} 10. Nf1 Ng6 11. h3 h6 12. Ng3 d5 {[%emt 0:00:21] 12...Re8 scheint zu verschwinden.} 13. Be3 $5 {[%emt 0:05:07][%mdl 4] Eine interessante Nebenvariante.} dxe4 $146 ({Predecessor:} 13... Bc7 14. Qc2 Re8 15. Rad1 Be6 16. d4 Nxe4 17. Nxe4 Bf5 18. Nfd2 exd4 19. Bxd4 dxe4 20. Nxe4 {½-½ Predojevic,B (2609)-Sokolov,I (2655) Sarajevo Bosnia-A 37th 2007 (1)}) 14. Bxb6 Qxb6 15. Nxe4 Nxe4 16. Rxe4 Bf5 17. Re3 Rad8 18. Nxe5 Nxe5 19. Rxe5 Bxd3 20. Qc1 Rd6 21. Qf4 c5 22. Bxf7+ Kh8 23. Re8 Rxe8 24. Bxe8 Rf6 (24... Qxb2 $11 {hält das Gleichgewicht.} 25. Qf8+ Kh7) 25. Qd2 $1 $16 Rd6 26. Rd1 c4 27. Re1 Rf6 28. Bh5 Qa5 29. Be2 Re6 30. Bg4 Qg5 31. Re3 Bf5 32. Bxf5 ({Vorzuziehen ist} 32. Bf3) 32... Rxe3 $16 33. Qxe3 Qxf5 34. Qc1 (34. Qxa7 $6 Qb1+ 35. Kh2 Qxb2 $11) 34... b5 35. Qd1 Kh7 36. a3 Qe4 37. g3 a6 38. Qd2 Qb1+ 39. Kg2 $1 Qe4+ 40. f3 Qb1 41. h4 Kh8 42. g4 Kh7 43. h5 Kh8 44. Kf2 Kh7 45. Ke3 Kh8 (45... Qg1+ $16 46. Ke4 Qc5) 46. Kf4 Kh7 47. Qe2 Qc1+ (47... Qg1 $142 48. Qe4+ Kh8) 48. Ke4 $2 (48. Ke5 $18 {ist der präzise Gewinnweg.}) 48... Qg1 $2 (48... Qg5 $16 {kämpft weiter.} 49. Kd4 Qd8+ 50. Ke3 Qg5+ 51. Kf2 Qc1) 49. Kd5 $18 Qb6 50. Qe4+ Kh8 51. Qe8+ Kh7 52. Qc6 Qf2 53. Ke6 (53. Qxa6 Qxf3+ 54. Kc5 Qf2+ 55. Kc6 (55. Kxb5 Qxb2+ 56. Kc5 Qf2+ 57. Kc6 Qf6+ 58. Kb5 Qg5+ 59. Kb4 Qe7+ 60. Ka4 Qd7+ 61. Qb5 Qxg4 $11) 55... Qxb2 $11) (53. Qg6+ Kg8 $16) 53... Qa7 54. Kd6 Kh8 55. Qc8+ Kh7 56. Qc5 (56. Kc6 Qf2 $11) 56... Qb8+ 57. Kc6 Qh2 58. Qf5+ Kh8 59. Qc8+ $1 Kh7 60. Qf5+ (60. Qxa6 $18 Qxb2 61. Qa5 (61. Qxb5 Qxc3 62. Qf5+ Kh8 $11)) 60... Kh8 $16 61. Qc8+ (61. Qf8+ $1 $16 Kh7 62. a4 (62. Qf5+ Kg8 $14)) 61... Kh7 $18 62. Qxa6 (62. Qf5+ Kg8 $11) 62... Qxb2 63. Qa5 $1 (63. Qxb5 Qxc3 64. Qf5+ Kh8 65. Qc8+ (65. a4 $2 Qf6+ 66. Qxf6 gxf6 $19) 65... Kh7 $11) 63... Qe2 64. Kxb5 (64. Qxb5 Qxf3+ 65. Kc5 Qxg4 $11) 64... Qxf3 {[%emt 0:00:13] [#]} 65. Kb4 $1 (65. Kxc4 Qxg4+ 66. Kd3 Qd1+ 67. Ke3 Qg1+ 68. Ke4 Qg2+ 69. Kd3 Qf3+ 70. Kd4 Qf4+ 71. Kd3 Qf3+ 72. Kc2 Qe4+ 73. Kd2 Qf4+ 74. Kc2 Qe4+ 75. Kd2 Qf4+ 76. Ke2 Qe4+ 77. Kd2 $11) 65... Qxg4 {[%emt 0:01:37] [#]} 66. a4 $1 Qd1 67. Qf5+ ({Minderwertig wäre} 67. Kxc4 Qf1+ 68. Kb4 Qb1+ 69. Kc5 Qf5+ 70. Kb6 Qf6+ 71. Kb7 Qf3+ 72. Kc7 Qf7+ 73. Kb6 Qe6+ 74. Ka7 Qf7+ 75. Ka6 Qc4+ 76. Qb5 Qxc3 $11) 67... Kh8 68. Qc8+ ({Lieber nicht} 68. Kxc4 Qxa4+ 69. Kd3 Qd1+ 70. Ke3 Qc1+ 71. Kd4 Qd2+ 72. Qd3 Qf2+ 73. Kd5 Qf7+ 74. Kc6 Qxh5 $11) 68... Kh7 69. Qxc4 Qb1+ $2 (69... Qxh5 70. Qe4+ Kg8 (70... Qg6 71. Qxg6+ Kxg6 72. a5 $18)) 70. Kc5 Qf5+ 71. Qd5 Qf8+ (71... Qc2 $142 72. Kb4 Qb2+ 73. Qb3 Qh2) 72. Kc4 Qc8+ (72... Qf4+ $142 73. Kb3 Qb8+ 74. Qb5 Qd6) 73. Kb3 $18 Qc7 74. Qf5+ Kh8 75. a5 1-0